 Dungeon Crawl Stone Soup version 0.19-a0-1732-g0b18a7b (webtiles) character file.

422486 kae the Formicid Blade (level 24, -1/189 HPs)
             Began as a Formicid Fighter on Sept 30, 2016.
             Was the Champion of Makhleb.
             Killed from afar by a storm dragon (33 damage)
             ... with a bolt of lightning
             ... on level 5 of the Vaults.
             The game lasted 01:59:18 (48962 turns).

kae the Formicid Blade (Formicid Fighter)          Turns: 48962, Time: 01:59:19

Health: -1/189     AC: 34    Str: 35    XL:     24   Next: 89%
Magic:  0/34       EV: 15    Int: 12    God:    Makhleb [******]
Gold:   2758       SH: 20    Dex: 10    Spells: 0 memorised, 23 levels left

rFire  + + .     SeeInvis +     n - +9 triple sword (elec)
rCold  . . .     Gourm    .     L - +5 plate armour "Zoim" {rF+ SInv}
rNeg   . . .     Faith    .     P - +5 shield {AC+3}
rPois  +         Spirit   +     (helmet unavailable)
rElec  .         Dismiss  .     E - +0 cloak
rCorr  .         Reflect  .     Z - +0 pair of gloves
MR     ++...     Harm     .     k - +2 pair of boots {run}
Stlth  ..........               T - amulet of guardian spirit
                                Y - ring of Zyiwosoi {rPois rF+ Str+4 Stlth+}
                                t - +4 ring of protection

@: studying Conjurations, quick
A: permanent stasis, dig shafts and tunnels, four strong arms, antennae 3,
iridescent scales 1, clever 1, deformed body, mutation resistance 1, subdued
magic 1
a: Dig, Shaft Self, Minor Destruction, Lesser Servant of Makhleb, Major
Destruction, Greater Servant of Makhleb, Renounce Religion
}: 2/15 runes: serpentine, barnacled


You were on level 5 of the Vaults.
You worshipped Makhleb.
Makhleb was exalted by your worship.
You were not hungry.

You visited 7 branches of the dungeon, and saw 39 of its levels.
You also visited: Ice Cave and Volcano.

You collected 4916 gold pieces.
You spent 2158 gold pieces at shops.

Inventory:

Hand Weapons
 e - a +2 double sword of holy wrath
 n - a +9 triple sword of electrocution (weapon)
Armour
 d - the +4 chain mail "Ponetep" {rC++ Str+3}
   (You found it on level 3 of the Lair of Beasts)

   It affects your strength (+3).
   It greatly protects you from cold.
 k - a +2 pair of boots of running (worn)
 E - a +0 cloak (worn)
 L - the +5 plate armour "Zoim" (worn) {rF+ SInv}
   (You bought it in a shop on level 5 of the Dungeon)

   It protects you from fire.
   It lets you see invisible.
 P - a +5 shield of protection (worn)
 Z - a +0 pair of gloves (worn)
Jewellery
 a - a +3 amulet of reflection
 o - a cursed ring of stealth
 r - an uncursed ring of positive energy
 t - a +4 ring of protection (left hand)
 v - a +2 ring of intelligence
 z - an uncursed amulet of dismissal
 D - an uncursed ring of protection from magic
 F - an uncursed ring of flight
 T - an amulet of guardian spirit (around neck)
 Y - the ring of Zyiwosoi (right hand) {rPois rF+ Str+4 Stlth+}
   (You bought it in a shop on level 15 of the Dungeon)

   [ring of protection from fire]

   It affects your strength (+4).
   It protects you from fire.
   It protects you from poison.
   It makes you more stealthy.
Wands
 H - a wand of slowing (26/48)
Scrolls
 b - a scroll of enchant armour
 h - 13 scrolls of fog
 j - a scroll of magic mapping
 l - 27 scrolls of identify
 q - 17 scrolls of remove curse
 y - 2 scrolls of amnesia
 G - 2 scrolls of fear
 R - 4 scrolls of recharging
 U - 3 scrolls of enchant weapon
 W - a scroll of summoning
Potions
 g - 2 potions of brilliance
 i - 2 potions of cancellation
 u - 2 potions of cure mutation
 A - 6 potions of flight
 C - 2 potions of resistance
 I - a potion of magic
 N - 10 potions of curing
 O - a potion of ambrosia
Books
 p - a manual of Conjurations
 w - a book of Frost

   Spells                             Type                      Level
   a - Freeze                         Ice                          1
   b - Throw Frost                    Conjuration/Ice              2
   c - Ozocubu's Armour               Charms/Ice                   3
   d - Throw Icicle                   Conjuration/Ice              4
   e - Summon Ice Beast               Ice/Summoning                4
Comestibles
 c - 7 fruits
 f - 27 bread rations
 m - 4 meat rations
 s - a chunk of flesh
 x - a royal jelly
 B - a beef jerky


   Skills:
 + Level 15.4 Fighting
 * Level 24.3 Long Blades
 + Level 18.1 Armour
 + Level 14.0 Dodging
 + Level 14.3 Shields
 - Level 15.3 Invocations
 - Level 7.0 Evocations


You had 23 spell levels left.
You didn't know any spells.

Dungeon Overview and Level Annotations

Branches:
Dungeon (15/15)            Temple (0/1) D:5            Lair (6/6) D:10
 Shoals (4/4) Lair:3        Snake (4/4) Lair:3        Slime (0/5) Lair:5
    Orc (2/2) D:12            Elf (3/3) Orc:2        Vaults (5/5) D:14
  Crypt (0/3) Vaults:2     Depths (0/5) D:15

Altars:
Cheibriados
Kikubaaqudgha
Makhleb
Qazlal
Ru
Uskayaw
Yredelemnul
The Shining One
Jiyva

Shops:
D:5 [   D:11 :   D:12 %   D:13 [   D:15 ?=[}   Orc:1 [   Orc:2 *}(%:   Elf:1 %
Elf:2 *   Shoals:1 *   Shoals:4 %   Vaults:2 :

Annotations:
Lair:5 1 runed door
Elf:3 3 exclusions


Innate Abilities, Weirdness & Mutations

You are under a permanent stasis effect.
You can dig through walls and to a lower floor.
Your four strong arms can wield two-handed weapons with a shield.
You have a pair of large antennae on your head. (SInv)
You are partially covered in iridescent scales. (AC +2)
Your mind is acute. (Int +2)
Armour fits poorly on your strangely shaped body.
You are somewhat resistant to further mutation.
Your spells are a little easier to cast, but a little less powerful.


Message History

You hear rumbling.
Nothing appears to happen.
You hear a shout!
You hear a deafening roar!
Unknown command.
Your blizzard demon waves its arms in wide circles.
The titan is struck by the twisting air!
The titan hits your blizzard demon!!
The storm dragon breathes lightning at you.
The bolt of lightning hits you!
* * * LOW HITPOINT WARNING * * *
Your blizzard demon hits the titan!
Your blizzard demon hits the titan.
The sphinx hits your blizzard demon!! The sphinx hits your blizzard demon.
Your blizzard demon dies!
The sphinx mumbles some strange words.
Something smites you!
* * * LOW HITPOINT WARNING * * *
You feel much better.
The storm dragon breathes lightning at you.
The bolt of lightning hits you!
You die...

.. ##...##..#..# #.
##.s.##.#..# .#
##H{{#.#..# ..
##.{..#..# ..
##..e#..# .. ##..#..#
.. ##D...# ###
########.†..# ...
..(....@()..# ...
............# ...
............# ...
........(...#
###############.#....#
.#.#.#.#.#.#.#.#(#...#
#.#.#.#.#.#.#.#.#.#..#
.#.#.#.#.#.#.#.#.#.(.#
#.#.#.#.#.#.#.#.#.#..#


You could see a storm dragon and a deep elf elementalist.

Vanquished Creatures
  Saint Roka (Vaults:2)
  A golden dragon (Vaults:5)
  Nikola (Vaults:2)
  2 liches
  2 titans (Vaults:4)
  Asterion (Elf:3)
  2 deep elf blademasters (Elf:3)
  Frances (D:13)
  2 deep elf master archers (Elf:3)
  A sphinx (Vaults:5)
  A tengu reaver (Vaults:4)
  2 shadow dragons
  9 nagarajas
  Ilsuiw (Shoals:4)
  Roxanne (Snake:4)
  A fire giant (Vaults:4)
  Louise (Elf:3)
  4 frost giants
  2 orc warlords
  4 deep elf elementalists (Elf:3)
  7 vault wardens
  5 deep elf sorcerers
  7 ironheart preservers
  A ghoul (Vaults:3)
  6 very ugly things
  8 stone giants
  3 war gargoyles
  Nessos (Orc:2)
  An entropy weaver (Vaults:4)
  2 deep elf demonologists (Elf:3)
  The ghost of kae the Fencer, a journeyman FoFi of Makhleb (IceCv)
  7 deep elf annihilators
  3 ettins
  5 merfolk javelineers
  11 deep elf death magi
  14 merfolk impalers
  Erolcha (Orc:1)
  5 deep elf high priests (Elf:3)
  Harold (D:12)
  14 yaktaur captains
  4 fire dragons
  28 vault guards
  Fannar (Orc:1)
  6 great orbs of eyes
  26 naga warriors
  3 ice dragons
  2 rakshasas
  3 death knights
  3 hydras
  A catoblepas (Lair:6)
  3 merfolk aquamancers
  8 centaur warriors
  12 ogre magi
  10 death yaks
  29 dancing weapons
  A deep troll shaman (Vaults:4)
  3 merfolk avatars
  A queen ant (shapeshifter) (Vaults:1)
  10 anacondas
  6 naga sharpshooters
  2 alligator snapping turtles
  A tengu warrior (D:10)
  4 orc high priests
  8 shock serpents
  Urug (D:13)
  A small abomination (Elf:3)
  20 deep elf knights
  Sonja (D:13)
  Nergalle (Orc:1)
  7 large abominations
  A salamander mystic (Snake:3)
  4 skeletal warriors
  7 sea snakes
  6 unseen horrors
  A flayed ghost (Vaults:4)
  5 deep trolls
  A shadow wraith (Vaults:4)
  14 deep elf archers
  A glowing orange brain (Vaults:3)
  11 naga ritualists
  3 wizards
  18 harpies
  5 hill giants
  25 orc knights
  16 ironbrand convokers
  2 lindwurms (shapeshifter)
  A mana viper (shapeshifter) (Vaults:1)
  A necromancer (IceCv)
  3 phantasmal warriors
  11 mana vipers
  A wolf spider (shapeshifter) (Vaults:4)
  A manticore (shapeshifter) (Vaults:4)
  64 deep elf magi
  6 hornets
  A wolf spider zombie (D:15)
  9 orc sorcerers
  11 fauns
  A sphinx skeleton (Volcano)
  27 ugly things
  11 salamanders
  7 wolf spiders
  7 manticores
  11 cyclopes
  10 guardian serpents
  An ice statue (IceCv)
  12 sirens
  A salamander (shapeshifter) (Vaults:2)
  15 elephants
  36 black mambas
  4 water nymphs (Shoals:4)
  2 centaur zombies (D:15)
  13 vault sentinels
  A water nymph (shapeshifter) (Vaults:1)
  21 naga magi
  A spiny frog (shapeshifter) (D:13)
  4 centaur skeletons
  A komodo dragon (shapeshifter) (Vaults:1)
  14 spiny frogs
  11 rime drakes
  3 kobold demonologists (D:11)
  40 yaktaurs
  17 freezing wraiths
  5 komodo dragons
  A troll (shapeshifter) (Vaults:1)
  31 merfolk
  13 trolls
  A guardian mummy (Volcano)
  4 wind drakes
  3 polar bears
  13 blink frogs
  17 two-headed ogres
  26 slime creatures
  12 snapping turtles
  18 hippogriffs
  14 dream sheep
  2 flying skulls (Volcano)
  4 air elementals
  A redback (Vaults:4)
  A tarantella (shapeshifter) (Vaults:3)
  A redback (shapeshifter) (D:15)
  The ghost of 4thArraOfDagon the Ruffian, an amateur TrWn of Sif Muna (D:8)
  4 fire elementals
  38 yaks
  2 vampires (Volcano)
  10 water elementals
  6 wraiths
  9 wyverns
  10 basilisks
  A hog (shapeshifter) (Vaults:2)
  A human (shapeshifter) (Vaults:4)
  2 hill giant skeletons (Volcano)
  3 hungry ghosts
  14 wargs
  6 steam dragons
  4 mottled dragons
  81 nagas
  9 porcupines
  11 water moccasins
  5 hell hounds (D:14)
  60 orc warriors
  3 sky beasts
  9 ice beasts
  2 merfolk skeletons (Volcano)
  A swamp drake (Lair:6)
  2 wasps
  A black bear (shapeshifter) (Vaults:5)
  4 phantoms
  The ghost of 4thArraOfDagon the Slasher, an amateur MiMo (D:7)
  A sky beast (shapeshifter) (Vaults:5)
  14 boggarts
  An eye of draining (D:11)
  2 necrophages
  5 wolves (Lair:6)
  33 ogres
  9 centaurs
  17 crocodiles
  14 bullfrogs
  3 big kobolds
  4 earth elementals
  3 water moccasin zombies
  6 scorpions
  5 wights (D:15)
  11 killer bees
  2 spriggan skeletons (Volcano)
  A howler monkey (D:8)
  4 crimson imps
  3 draconian simulacra (IceCv)
  8 jellies
  22 orc priests
  3 quasits (D:10)
  Crazy Yiuf (D:4)
  6 hounds
  5 bullfrog zombies
  27 orc wizards
  A bullfrog skeleton (D:6)
  11 iguanas
  3 two-headed ogre skeletons (Volcano)
  12 worker ants
  2 polar bear simulacra (IceCv)
  4 troll simulacra (IceCv)
  3 spriggan simulacra (IceCv)
  2 wolf simulacra (IceCv)
  5 centaur simulacra (IceCv)
  An ogre skeleton (Volcano)
  A hound zombie (D:7)
  3 mummies (Volcano)
  2 hound skeletons
  3 gnolls (D:6)
  49 river rats
  10 adders
  2 naga simulacra (IceCv)
  3 ogre simulacra (IceCv)
  4 shadow imps
  12 white imps (IceCv)
  2 oozes
  2 adder skeletons
  An adder zombie (D:8)
  A worm (D:3)
  A dart slug (D:2)
  10 leopard geckos
  119 orcs
  12 bats
  6 giant cockroaches
  13 goblins
  5 hobgoblins
  8 jackals
  3 quokkas
  3 ball pythons
  5 frilled lizards
  A jackal skeleton (D:6)
  9 kobolds
  A quokka zombie (D:5)
  6 rats
  4 crawling corpses (Elf:3)
  2 fungi (Elf:3)
  3 plants
1876 creatures vanquished.

Vanquished Creatures (collateral kills)
  An ironheart preserver (Vaults:2)
  A deep elf annihilator (Vaults:5)
  A merfolk impaler (Shoals:4)
  2 yaktaur captains
  An ice dragon (Vaults:5)
  9 hydras
  A deep elf knight (Vaults:5)
  A deep elf archer (Elf:1)
  4 deep elf magi
  A water nymph (Shoals:4)
  A black mamba (Lair:5)
  A vault sentinel (Vaults:2)
  2 spiny frogs (Lair:6)
  2 merfolk (Shoals:4)
  4 boggarts
  2 ogres (Vaults:2)
  An orc wizard (Vaults:5)
  A river rat (Lair:5)
  An orc (Vaults:2)
37 creatures vanquished.

Vanquished Creatures (others)
  A merfolk aquamancer (Shoals:4)
  A black mamba (Snake:1)
  A yaktaur (Vaults:2)
  A boggart (Vaults:3)
  An ogre (Vaults:2)
  2 orc wizards (Vaults:2)
  An orc (Vaults:2)
  6 fungi
  13 plants
27 creatures vanquished.

Grand Total: 1940 creatures vanquished

Notes
Turn   | Place    | Note
-------+----------+-------------------------------------------
     0 | D:1      | kae the Formicid Fighter began the quest for the Orb.
     0 | D:1      | Reached XP level 1. HP: 18/18 MP: 1/1
   157 | D:1      | Reached XP level 2. HP: 21/24 MP: 2/2
   381 | D:1      | Reached XP level 3. HP: 11/30 MP: 3/3
   683 | D:1      | Reached skill level 3 in Long Blades
  1195 | D:2      | Reached XP level 4. HP: 37/37 MP: 4/4
  1622 | D:2      | Reached XP level 5. HP: 43/43 MP: 5/5
  1674 | D:2      | Found a burning altar of Makhleb.
  1699 | D:2      | Became a worshipper of Makhleb the Destroyer
  1755 | D:3      | Reached skill level 4 in Long Blades
  2253 | D:3      | Reached skill level 5 in Fighting
  2253 | D:3      | Reached XP level 6. HP: 46/51 MP: 6/6
  2410 | D:3      | Reached * piety under Makhleb
  2629 | D:3      | Reached skill level 5 in Long Blades
  3188 | D:4      | Reached XP level 7. HP: 20/56 MP: 7/7
  3477 | D:4      | Found a runed door.
  3548 | D:4      | Found an ancient bone altar of Kikubaaqudgha.
  3731 | D:4      | Noticed Crazy Yiuf
  3735 | D:4      | Killed Crazy Yiuf
  3735 | D:4      | Reached skill level 6 in Long Blades
  3788 | D:5      | Entered Level 5 of the Dungeon
  3948 | D:5      | Reached XP level 8. HP: 60/65 MP: 8/8
  3953 | D:5      | Found Noyngyzu's Antique Armour Shop.
  3977 | D:5      | Found a staircase to the Ecumenical Temple.
  4010 | D:5      | Reached skill level 7 in Long Blades
  4496 | D:6      | Reached ** piety under Makhleb
  4535 | D:6      | Reached skill level 8 in Long Blades
  4768 | D:6      | Reached XP level 9. HP: 24/72 MP: 9/9
  4959 | D:6      | Reached skill level 9 in Long Blades
  5403 | D:7      | Noticed 4thArraOfDagon's ghost (amateur MiMo)
  5608 | D:7      | You fall through a shaft!
  5632 | D:8      | Noticed a hippogriff
  5674 | D:7      | Found a flagged portal.
  5739 | D:7      | Killed a hippogriff
  5898 | D:8      | Reached skill level 10 in Long Blades
  5899 | D:8      | Reached *** piety under Makhleb
  6157 | D:8      | Noticed 4thArraOfDagon's ghost (amateur TrWn)
  6166 | D:8      | Killed 4thArraOfDagon's ghost
  6230 | D:8      | Found a sacrificial altar of Ru.
  6238 | D:8      | Reached XP level 10. HP: 83/83 MP: 10/10
  6669 | D:7      | Killed 4thArraOfDagon's ghost
  6679 | D:7      | Reached skill level 11 in Long Blades
  7443 | D:9      | Found a snail-covered altar of Cheibriados.
  7449 | D:9      | Found a hide-covered altar of Uskayaw.
  7449 | D:9      | Found a glowing golden altar of the Shining One.
  7877 | D:10     | Entered Level 10 of the Dungeon
  8135 | D:10     | Noticed a spiny frog
  8136 | D:10     | Noticed an unseen horror
  8146 | D:10     | Reached skill level 10 in Fighting
  8158 | D:10     | Killed a spiny frog
  8158 | D:10     | Reached skill level 12 in Long Blades
  8354 | D:10     | Reached **** piety under Makhleb
  8365 | D:10     | Found a staircase to the Lair.
  8416 | D:10     | Killed an unseen horror
  8450 | D:10     | Reached XP level 11. HP: 74/92 MP: 11/11
  8946 | D:10     | Noticed a tengu warrior
  9097 | D:10     | Identified 3 scrolls of acquirement
  9107 | D:10     | Identified a +2 pair of boots of running (You acquired it on level 10 of the Dungeon)
  9117 | D:10     | Reached skill level 13 in Long Blades
  9264 | D:10     | Noticed a great orb of eyes
  9382 | D:10     | Killed a great orb of eyes
  9394 | D:10     | Reached skill level 14 in Long Blades
  9598 | Lair:1   | Entered Level 1 of the Lair of Beasts
  9999 | Lair:1   | Found a stormy altar of Qazlal.
 10056 | Lair:1   | Reached skill level 1 in Invocations
 10750 | Lair:2   | Reached ***** piety under Makhleb
 10823 | Lair:2   | Reached XP level 12. HP: 99/99 MP: 14/14
 11205 | Lair:3   | Reached skill level 15 in Long Blades
 11375 | Lair:3   | Found a staircase to the Snake Pit.
 11414 | Lair:3   | Noticed a six-headed hydra
 11428 | Lair:3   | Killed a six-headed hydra
 11584 | Lair:3   | Reached skill level 5 in Invocations
 11592 | Lair:3   | Found a staircase to the Shoals.
 12194 | Lair:4   | Noticed a death yak
 12194 | Lair:4   | Noticed a death yak
 12195 | Lair:4   | Noticed a death yak
 12210 | Lair:4   | Noticed a death yak
 12213 | Lair:4   | Killed a death yak
 12224 | Lair:4   | Killed a death yak
 12224 | Lair:4   | Reached skill level 16 in Long Blades
 12232 | Lair:4   | Killed a death yak
 12244 | Lair:4   | Killed a death yak
 12661 | Lair:4   | Reached XP level 13. HP: 101/104 MP: 18/18
 13265 | Lair:4   | Reached skill level 17 in Long Blades
 13747 | Lair:5   | Noticed a four-headed hydra
 13779 | Lair:5   | Killed a four-headed hydra
 13983 | Lair:5   | Noticed an eight-headed hydra
 14007 | Lair:5   | Killed an eight-headed hydra
 14218 | Lair:5   | Found a runed door.
 14354 | Lair:5   | Reached skill level 10 in Invocations
 14538 | Lair:5   | Found a viscous altar of Jiyva.
 14538 | Lair:5   | Found a staircase to the Slime Pits.
 14538 | Lair:5   | Noticed an azure jelly
 14852 | Lair:6   | Entered Level 6 of the Lair of Beasts
 14992 | Lair:6   | Reached XP level 14. HP: 96/111 MP: 21/21
 14993 | Lair:6   | Reached skill level 18 in Long Blades
 15715 | Lair:6   | Reached skill level 1 in Dodging
 15881 | Lair:6   | Reached skill level 5 in Shields
 16053 | Lair:6   | Reached skill level 5 in Armour
 16732 | Lair:6   | Gained mutation: Your mind is acute. (Int +2) [potion of beneficial mutation]
 17188 | Lair:3   | Got a distressingly furry chain mail
 17199 | Lair:3   | Identified the +4 chain mail "Ponetep" {rC++ Str+3} (You found it on level 3 of the Lair of Beasts)
 17225 | Lair:3   | Got a jewelled scale mail
 17236 | Lair:3   | Identified the +7 scale mail of Paoschod {rF+} (You found it on level 3 of the Lair of Beasts)
 17509 | D:11     | Found Isusane's Book Shoppe.
 17819 | D:12     | Noticed Harold
 17836 | D:12     | Killed Harold
 17836 | D:12     | Reached XP level 15. HP: 117/117 MP: 23/23
 18170 | D:12     | Found a staircase to the Orcish Mines.
 18449 | D:12     | Found Poipnunk's Food Shoppe.
 18654 | D:13     | Noticed Sonja
 18737 | D:13     | Killed Sonja
 18859 | D:13     | Found a frozen archway.
 18868 | IceCv    | Entered an ice cave
 19025 | IceCv    | Noticed kae's ghost (journeyman FoFi)
 19083 | IceCv    | Killed kae's ghost
 19145 | IceCv    | Found an ancient bone altar of Kikubaaqudgha.
 19457 | IceCv    | Reached skill level 5 in Dodging
 19795 | D:13     | Noticed Urug
 19808 | D:13     | Killed Urug
 19881 | D:13     | Reached skill level 10 in Armour
 19917 | D:13     | Noticed Frances
 19939 | D:13     | Killed Frances
 20173 | D:13     | Found Uvves's Armour Shop.
 20530 | D:13     | Bought a +1 shield of protection for 264 gold pieces
 20634 | D:14     | Found a gate to the Vaults.
 20715 | D:14     | Reached ****** piety under Makhleb
 20843 | D:14     | Reached XP level 16. HP: 112/124 MP: 24/24
 21180 | D:14     | Found Rakk's Antique Armour Boutique.
 21409 | D:14     | You fall through a shaft!
 21409 | D:15     | Entered Level 15 of the Dungeon
 21765 | Orc:1    | Entered Level 1 of the Orcish Mines
 21765 | Orc:1    | Found Puifos's Antique Armour Shop.
 21856 | Orc:2    | Entered Level 2 of the Orcish Mines
 21858 | Orc:2    | Noticed Nessos
 22188 | Orc:1    | Noticed Fannar
 22209 | Orc:1    | Killed Fannar
 22420 | Orc:2    | Found a staircase to the Elven Halls.
 22443 | Orc:2    | Killed Nessos
 22595 | Orc:2    | Found a dark tunnel.
 22624 | Volcano  | Entered a volcano
 23050 | Orc:2    | Found Neut's Book Shoppe.
 23685 | Orc:2    | Found Geuv Bad's Gadget Emporium.
 23685 | Orc:2    | Found Zucrit's Assorted Antiques.
 23687 | Orc:2    | Found Palucronk's Food Emporium.
 23687 | Orc:2    | Found Sessim's Antique Weapon Boutique.
 23698 | Orc:2    | Bought a fizzy dark potion for 29 gold pieces
 23972 | Orc:1    | Noticed Nergalle
 23977 | Orc:1    | Noticed Erolcha
 23983 | Orc:1    | Killed Nergalle
 23990 | Orc:1    | Killed Erolcha
 24285 | D:5      | Bought a slimy plate armour for 644 gold pieces
 24295 | D:5      | Identified the +5 plate armour "Zoim" {rF+ SInv} (You bought it in a shop on level 5 of the Dungeon)
 24632 | D:15     | Reached skill level 19 in Long Blades
 24814 | D:15     | Found Voroph's Armour Emporium.
 24865 | D:15     | Found Nuhef's Magic Scroll Shoppe.
 24874 | D:15     | Bought a scroll of enchant armour for 127 gold pieces
 25060 | D:15     | Reached XP level 17. HP: 129/129 MP: 25/25
 25091 | D:15     | Found a staircase to the Depths.
 25200 | D:15     | Found Agiotipe's Gadget Boutique.
 25241 | D:15     | Found Homihed's Jewellery Shop.
 25252 | D:15     | Bought a cursed ring of loudness for 54 gold pieces
 25253 | D:15     | Bought an uncursed amulet of guardian spirit for 360 gold pieces
 25253 | D:15     | Bought the ring of Zyiwosoi {rPois rF+ Str+4 Stlth+} for 568 gold pieces
 25574 | Snake:1  | Entered Level 1 of the Snake Pit
 27771 | Snake:3  | Reached skill level 20 in Long Blades
 28132 | Snake:3  | Found a runed door.
 28437 | Snake:3  | Reached XP level 18. HP: 136/136 MP: 26/26
 28578 | Snake:3  | Reached skill level 10 in Dodging
 28666 | Snake:3  | Gained mutation: You are frail. (-10% HP) [mutagenic glow]
 28690 | Snake:3  | Gained mutation: Your spells are a little easier to cast, but a little less powerful. [mutagenic glow]
 28691 | Snake:3  | Gained mutation: You are partially covered in iridescent scales. (AC +2) [potion of mutation]
 28691 | Snake:3  | Gained mutation: Scrolls take you a little longer to read. [potion of mutation]
 28691 | Snake:3  | Gained mutation: You are somewhat resistant to further mutation. [potion of mutation]
 28692 | Snake:3  | Lost mutation: Scrolls take you a little longer to read. [potion of cure mutation]
 28692 | Snake:3  | Lost mutation: You are frail. (-10% HP) [potion of cure mutation]
 28962 | Snake:4  | Entered Level 4 of the Snake Pit
 29438 | Snake:4  | Noticed Roxanne
 29861 | Snake:4  | Reached skill level 15 in Armour
 30073 | Snake:4  | Reached skill level 21 in Long Blades
 30733 | Snake:4  | Reached XP level 19. HP: 130/142 MP: 19/27
 31435 | Snake:4  | Got a serpentine rune of Zot
 31551 | Snake:4  | Killed Roxanne
 31753 | Shoals:1 | Entered Level 1 of the Shoals
 32241 | Shoals:1 | Reached skill level 1 in Evocations
 32655 | Shoals:1 | Found Ogrea's General Store.
 32667 | Shoals:1 | Bought a potion of curing for 42 gold pieces
 32667 | Shoals:1 | Bought a potion of heal wounds for 70 gold pieces
 33024 | Shoals:2 | Reached skill level 5 in Evocations
 33081 | Shoals:2 | Got a transparent shortbow
 33674 | Shoals:3 | Noticed Mara
 33917 | Shoals:3 | Noticed kae's illusion
 34151 | Shoals:4 | Entered Level 4 of the Shoals
 34447 | Shoals:4 | Identified the cursed +1 shortbow of Aquonaz {freeze, Dex+7} (You found it on level 2 of the Shoals)
 34483 | Shoals:4 | Noticed Ilsuiw
 34536 | Shoals:4 | Killed Ilsuiw
 34563 | Shoals:4 | Reached XP level 20. HP: 149/149 MP: 27/30
 35071 | Shoals:4 | Got a barnacled rune of Zot
 35176 | Shoals:4 | Found Mukeghipeng's Food Shoppe.
 35288 | Shoals:4 | Reached skill level 15 in Invocations
 36272 | Elf:1    | Entered Level 1 of the Elven Halls
 37443 | Elf:1    | Found Itetik's Food Shop.
 37922 | Elf:2    | Reached skill level 22 in Long Blades
 38179 | Elf:2    | Found Qaaduu's General Store.
 38214 | Elf:2    | Found a runed gate.
 38214 | Elf:2    | Found a runed gate.
 38214 | Elf:2    | Found a runed gate.
 38675 | Elf:2    | Reached XP level 21. HP: 150/158 MP: 26/32
 39012 | Elf:3    | Entered Level 3 of the Elven Halls
 39018 | Elf:3    | Noticed Asterion
 39306 | Elf:3    | Reached skill level 23 in Long Blades
 39994 | Elf:3    | Noticed Louise
 40007 | Elf:3    | Killed Louise
 40241 | Elf:3    | Killed Asterion
 40753 | Elf:3    | Identified An Early Guide to Sorcery
 40892 | Elf:3    | Gained mutation: Armour fits poorly on your strangely shaped body. [a neqoxec]
 40893 | Elf:3    | Reached skill level 24 in Long Blades
 40908 | Elf:3    | Reached XP level 22. HP: 98/165 MP: 26/33
 41087 | Vaults:1 | Entered Level 1 of the Vaults
 41334 | Vaults:1 | You fall through a shaft!
 41753 | Vaults:2 | Noticed Saint Roka
 41755 | Vaults:2 | Noticed Nikola
 42113 | Vaults:1 | Reached skill level 10 in Shields
 43318 | Vaults:2 | Killed Nikola
 43329 | Vaults:2 | Killed Saint Roka
 43329 | Vaults:2 | Reached XP level 23. HP: 155/175 MP: 18/34
 43454 | Vaults:2 | Found a staircase to the Crypt.
 43454 | Vaults:2 | Found a basalt altar of Yredelemnul.
 43455 | Vaults:2 | Found an ancient bone altar of Kikubaaqudgha.
 43555 | Vaults:2 | Found Imoi's Book Emporium.
 46650 | Vaults:4 | Reached XP level 24. HP: 108/186 MP: 9/34
 47739 | Vaults:5 | Entered Level 5 of the Vaults
 47945 | Vaults:4 | Reached skill level 15 in Fighting
 48510 | Vaults:5 | Noticed a golden dragon
 48523 | Vaults:5 | Killed a golden dragon
 48959 | Vaults:5 | HP: 9/189 [sphinx/divine providence (11)]
 48962 | Vaults:5 | Killed from afar by a storm dragon

Vault maps used:
D:1:      lemuel_arrival_river_ford, kennysheep_decorative_pillar,
          wad_floor_pattern_untrapped
D:2:      makhleb_blood_cavern_becter
D:4:      marbit_many_paths, first_bread, uniq_crazy_yiuf_cottage
D:5:      serial_shops, shop
D:7:      enter_bailey_3
D:8:      nicolae_ru_great_annihilating_truth
D:9:      grunt_temple_overflow_open
D:10:     wad_statue_garden, dpeg_lair_monsters, minivault_27
D:11:     serial_shops, shop
D:12:     orc_0_dummy, serial_shops, shop, uniq_harold
D:13:     serial_shops, nicolae_shop_behind_doors,
          portal_ice_cave_entry_pillars_1, grunt_ogre_cave, uniq_frances,
          uniq_urug, uniq_sonja
D:14:     david_vaults_2, roderic_roman_lattice, serial_shops, kennysheep_mini,
          billiards_dpeg
D:15:     gammafunk_enter_depths_forms, serial_shops, shop, shop,
          nicolae_shop_waterfront, nicolae_shop_trees,
          hangedman_abyss_or_decor_stagger
Lair:1:   basic_altar, st_stairs_7, grunt_megastairs_5
Lair:2:   infiniplex_staircase_pool_2, serial_bayou_shore_a
Lair:3:   minmay_shoals_entry_lonely_mermaid,
          minmay_snake_entry_guardpost_large, serial_bayou_lake_a
Lair:5:   slime_altar_2, beast_lair_carwin_10
Lair:6:   guppyfry_lair_end_dragon, grunt_megastairs_2, bh_autumn_forest_stairs
Shoals:1: nicolae_shoals_c_island
Shoals:2: nicolae_shoals_stone_sculpture_thing,
          nicolae_shoals_siren_and_animal_friends
Shoals:3: nicolae_shoals_square_sea_wall, uniq_mara
Shoals:4: shoals_end_simple, shoals_ilsuiw_alternative, serial_shops, shop,
          nicolae_shoals_drake_roost
Snake:1:  nrook_guardian_serpent_snake_passage
Snake:3:  lightli_airlock
Snake:4:  minmay_snake_end_coiled, hangedman_snake_pattern, uniq_roxanne
Orc:1:    serial_shops, shop, uniq_erolcha, uniq_fannar, uniq_nergalle
Orc:2:    grunt_orc_tribal_feast, nicolae_volcano_entry_two_sided, serial_shops,
          nicolae_shop_statue_plus, abandoned_shop, uniq_nessos
Elf:1:    minmay_elf_arrival_plus, serial_shops, shop, hangedman_elf_disciples
Elf:2:    serial_shops, nicolae_shop_behind_doors
Elf:3:    grunt_elf_hall_diamonds, uniq_asterion, uniq_louise
Vaults:1: vaults_room_fours, v_misc_18, dpeg_vaults_waves, vaults_mumra_hexcomb,
          nicolae_vaults_little_squares_2, nicolae_vaults_network_periphery,
          vaults_mumra_hex, vaults_mumra_minichess, vaults_room_stairs_pillars,
          nicolae_vaults_little_squares_3, vaults_room_pool,
          ontoclasm_vaults_decontamination, ontoclasm_vaults_hangar
Vaults:2: nicolae_vaults_asterisk, serial_ice_b, minmay_crypt_entry_necro_gods,
          vaults_room_corners, st_cells, ontoclasm_vaults_eye, v_rooms_4,
          serial_shops, shop_coins, uniq_nikola, uniq_saint_roka
Vaults:3: grunt_vaults_funneled_arena, vaults_mumra_chevron_long, v_misc_18,
          nicolae_vaults_circle_grid_a, v_rooms_2, ontoclasm_vaults_pinch,
          nicolae_vaults_theta, v_misc_5, hangedman_vaults_stagger,
          vaults_dpeg_hooks
Vaults:4: vaults_room_corners, v_misc_9, nicolae_vaults_little_squares_6,
          hangedman_vaults_hat, nicolae_vaults_twisting_passages,
          st_quartered_hall, stair_cage_open, nicolae_vaults_ninety_degrees,
          v_pattern_5, grunt_vaults_diagonal, nicolae_vaults_little_squares_4
Vaults:5: serial_shops
IceCv:    ice_cave_small_necro
Volcano:  volcano_tomb

Skill      XL: |  1  2  3  4  5  6  7  8  9 10 11 12 13 14 15 16 17 18 19 20 21 22 23 24 |
---------------+-------------------------------------------------------------------------+-----
Fighting       | 4 5 6 7 9 10 11 13 14 15 | 15.4
Long Blades    | 3 4 5 6 8 10 12 14 16 17 18 19 20 21 22 24 | 24.3
Invocations    | 2 7 10 13 15 | 15.3
Shields        | 7 9 11 13 14 | 14.3
Dodging        | 3 6 8 9 11 12 13 14 | 14.0
Armour         | 7 11 13 14 15 16 17 18 | 18.1
Evocations     | 7 |  7.0

Action                   |  1- 3 |  4- 6 |  7- 9 | 10-12 | 13-15 | 16-18 | 19-21 | 22-24 || total
-------------------------+-------+-------+-------+-------+-------+-------+-------+-------++-------
Melee: Long sword        |   146 |   219 |   466 |   307 |       |       |       |       ||  1138
       Double sword      |       |       |       |   388 |  1266 |  2296 |  1862 |       ||  5812
       Triple sword      |       |       |       |       |       |       |   437 |  1723 ||  2160
Invok: Lesser Servant of |       |       |       |     3 |    27 |       |     2 |     1 ||    33
       Minor Destruction |       |       |       |     2 |    11 |       |       |       ||    13
       Major Destruction |       |       |       |       |       |     6 |       |       ||     6
       Greater Servant o |       |       |       |       |       |       |     3 |     8 ||    11
 Abil: Dig               |     2 |     2 |     6 |    11 |    29 |    38 |    26 |    10 ||   124
       Evoke Flight      |       |       |       |       |       |       |    20 |       ||    20
       Shaft Self        |       |       |       |       |       |       |       |     1 ||     1
Evoke: Wand              |       |       |       |       |     6 |     1 |       |       ||     7
  Use: Scroll            |     2 |       |    15 |     5 |    10 |    10 |    12 |     7 ||    61
       Potion            |       |       |     4 |     3 |     3 |     3 |     4 |     4 ||    21
 Stab: Paralysed         |       |       |     2 |       |       |       |       |     2 ||     4
       Invisible         |       |       |       |     1 |       |       |       |       ||     1
       Distracted        |       |       |       |       |     1 |     1 |     2 |     3 ||     7
  Eat: Chunk             |     1 |     7 |    10 |    22 |    25 |    23 |    27 |    25 ||   140
       Pizza             |       |       |     1 |       |       |     2 |       |     1 ||     4
       Meat ration       |       |       |       |       |     1 |       |       |       ||     1
       Bread ration      |       |       |       |       |       |     3 |     3 |       ||     6
       Fruit             |       |       |       |       |       |       |       |     2 ||     2
Armor: Scale mail        |    84 |    82 |   113 |   151 |   221 |    14 |       |       ||   665
       Chain mail        |       |       |       |       |    97 |   124 |       |       ||   221
       Plate armour      |       |       |       |       |       |   373 |   797 |   501 ||  1671
Dodge: Dodged            |    59 |    79 |   108 |   158 |   273 |   457 |   667 |   500 ||  2301
Block: Shield            |    84 |   106 |   189 |   299 |   509 |  1203 |  1604 |  1311 ||  5305
